 Dungeon Crawl Stone Soup version 0.28-a0-630-g0357d9c091 (webtiles) character file.

Game seed: 15310438225410193779

33941 Conn the Arsonist (level 13, -2/117 HPs)
             Began as an Octopode Fire Elementalist on Oct 9, 2021.
             Was an Elder of Sif Muna.
             Slain by yegreS's ghost (21 damage)
             ... on level 2 of the Orcish Mines.
             The game lasted 01:09:31 (20958 turns).

Conn the Arsonist (Octopode Fire Elementalist)     Turns: 20958, Time: 01:09:31

Health: -2/117     AC: 34    Str:  8    XL:     13   Next: 74%
Magic:  1/27       EV:  2    Int: 21    God:    Sif Muna [****..]
Gold:   1691       SH:  0    Dex: 19    Spells: 1/32 levels left

rFire   + . .      SeeInvis .   b - staff of conjuration
rCold   + . .      Faith    .   (no shield)
rNeg    + . .      Spirit   .   (helmet currently unavailable)
rPois   +          Reflect  .   y - amulet of Aqeiv {Acrobat rC+ rN+}
rElec   .          Harm     .   l - ring of fire
rCorr   .          Rampage  .   n - ring of wizardry
Will    +....      NoTele   +   w - ring of willpower
Stlth   ++++......              z - +6 ring of dexterity
HPRegen 0.29/turn               h - ring of flight
MPRegen 0.20/turn               C - ring of protection from cold
                                (no ring)
                                (no ring)

@: ice-armoured, tree-form
A: stationary, stasis, torment immunity, boosted hp, almost no armour,
(amphibious), 8 rings, (camouflage 1), (gelatinous body 1), (nimble swimmer 1),
(tentacles)
a: Renounce Religion, Channel Magic, Forget Spell, Divine Exegesis


You were on level 2 of the Orcish Mines.
You worshipped Sif Muna.
Sif Muna was greatly pleased with you.
You were a tree.
You visited 3 branches of the dungeon, and saw 15 of its levels.
You also visited: Bailey.

You collected 2559 gold pieces.
You spent 868 gold pieces at shops.

Inventory:

Hand Weapons
 a - a +4 dagger of freezing
 e - a +0 dagger
Missiles
 j - 4 throwing nets
 o - 42 poisoned darts (quivered)
Magical Staves
 b - a staff of conjuration (weapon)
 i - a staff of air
Jewellery
 c - an amulet of magic regeneration
 h - a ring of flight (on tentacle)
 l - a ring of fire (left branch)
 n - a ring of wizardry (right branch)
 w - a ring of willpower (on tentacle)
 y - the amulet of Aqeiv (around neck) {Acrobat rC+ rN+}
   (You acquired it on level 11 of the Dungeon)

   [amulet of the acrobat]

   It increases your evasion while moving and waiting.
   rC:        It protects you from cold.
   rN:        It protects you from negative energy.
 z - a +6 ring of dexterity (on tentacle)
 C - a ring of protection from cold (on tentacle)
 F - an amulet of regeneration
Wands
 p - a wand of acid (7)
 q - a wand of digging (3)
 s - a wand of flame (53)
 B - a wand of iceblast (8)
 L - a wand of mindburst (9)
Scrolls
 d - 2 scrolls of fog
 f - 4 scrolls of enchant armour
 g - a scroll of silence
 k - 4 scrolls of teleportation
 t - a scroll of amnesia
 u - a scroll of identify
 E - 2 scrolls of vulnerability
Potions
 r - a potion of cancellation
 v - a potion of magic
 x - a potion of mutation
 A - 7 potions of flight
 D - a potion of might
 G - a potion of resistance


   Skills:
 + Level 3.5 Fighting
 + Level 3.5 Short Blades
 + Level 0.8 Throwing
 + Level 4.4 Dodging
 + Level 8.4 Stealth
 + Level 10.4 Spellcasting
 + Level 8.9 Conjurations
 + Level 4.5 Hexes
 * Level 4.9 Translocations
 * Level 12.3 Fire Magic
 - Level 5.2 Ice Magic
 - Level 5.0 Air Magic
 * Level 5.2 Invocations
 + Level 0.7 Evocations


You had one spell level left.
You knew the following spells:

 Your Spells              Type           Power      Damage    Failure   Level
a - Foxfire               Conj/Fire      100%       2x1d9     1%          1
b - Conjure Flame         Conj/Fire      90%        6-21      1%          3
c - Inner Flame           Hex/Fire       62%        N/A       1%          3
d - Flame Wave            Conj/Fire      90%        3d15      1%          4
e - Scorch                Fire           100%       2d10      1%          2
f - Sticky Flame          Conj/Fire      90%        2d10      1%          4
g - Iskenderun's Mystic   Conj/Tloc      56%        2d12      1%          4
h - Ozocubu's Armour      Ice            32%        N/A       1%          3
i - Teleport Other        Tloc           31%        N/A       1%          3
j - Hailstorm             Conj/Ice       57%        3d12      1%          4

Your spell library contained the following spells:

 Spells                   Type           Power      Damage    Failure   Level
 Freeze                   Ice            100%       1d11      1%          1
 Magic Dart               Conj           100%       1d8       1%          1
 Sting                    Tmut/Pois      44%        1d5       2%          1
 Poisonous Vapours        Pois/Air       42%        N/A       1%          2
 Searing Ray              Conj           100%       2d8       1%          2
 Dazzling Flash           Conj/Hex       100%       N/A       1%          3
 Frozen Ramparts          Ice            64%        1d8       1%          3
 Gell's Gravitas          Tloc           15%        N/A       1%          3
 Ignite Poison            Fire/Tmut/Pois 42%        N/A       1%          3
 Lesser Beckoning         Tloc           31%        N/A       1%          3
 Fulminant Prism          Conj/Hex       28%        3d14      1%          4
 Olgreb's Toxic Radiance  Pois           11%        N/A       24%         4
 Ozocubu's Refrigeration  Ice            16%        4d8       91%         7


Dungeon Overview and Level Annotations

Branches:
Dungeon (12/15)            Temple (1/1) D:4            Lair (0/6) D:9
    Orc (2/2) D:12            Elf (0/3) Orc:2        Bailey (visited)

Altars:
Ashenzari
Cheibriados
Dithmenos
Elyvilon
Fedhas
Gozag
Hepliaklqana
Kikubaaqudgha
Makhleb
Nemelex Xobeh
Okawaru
Qazlal
Ru
Sif Muna
Trog
Uskayaw
Vehumet
Wu Jian
Xom
Yredelemnul
Zin
The Shining One
Beogh

Shops:
D:7 !   D:8 [   Orc:2 (?:*

Portals:
Pandemonium: Orc:2

Annotations:
Orc:1 Jorgrun
Orc:2 yegreS's ghost, journeyman HOFi


Innate Abilities, Weirdness & Mutations

You are a tree.
Your roots penetrate the ground, keeping you stationary.
You cannot be teleported.
You are immune to unholy pain and torment.
Your maximum health is greatly increased.
You cannot wear most types of armour.
((You are amphibious.))
You can wear up to eight rings at the same time.
((Your skin changes colour to match your surroundings (Stealth+).))
((Your rubbery body absorbs attacks. (AC +1, EV +1)))
((You are camouflaged near water. (Stealth+)))
((You have tentacles for arms and can constrict up to eight enemies at once.))


Message History

Okay, then.
Casting: Iskenderun's Mystic Blast (mildly dangerous; 1% risk of failure)
Confirm with . or Enter, or press ? or * to list all spells.
You feel a surge of power!
You erupt in a blast of force!
The mystic blast hits yegreS's ghost but does no damage.
YegreS's ghost is moderately damaged.
YegreS's ghost whispers, "Everlasting silence awaits you..."
YegreS's ghost hits you but does no damage.
Casting: Iskenderun's Mystic Blast (mildly dangerous; 1% risk of failure)
Confirm with . or Enter, or press ? or * to list all spells.
You feel a surge of power!
You erupt in a blast of force!
The mystic blast hits yegreS's ghost but does no damage.
YegreS's ghost is moderately damaged.
YegreS's ghost barely misses you.
Casting: Iskenderun's Mystic Blast (mildly dangerous; 1% risk of failure)
Confirm with . or Enter, or press ? or * to list all spells.
You feel a surge of power!
You erupt in a blast of force!
The mystic blast hits yegreS's ghost but does no damage.
YegreS's ghost is moderately damaged.
YegreS's ghost hits you but does no damage.
You feel better. YegreS's ghost hits you!
* * * LOW HITPOINT WARNING * * *
You feel better.
YegreS's ghost hits you but does no damage.
You feel better.
YegreS's ghost hits you but does no damage.
You are electrocuted!
* * * LOW HITPOINT WARNING * * *
You feel better. YegreS's ghost hits you!
* * * LOW HITPOINT WARNING * * *
You are electrocuted!
* * * LOW HITPOINT WARNING * * *
Okay, then.
Okay, then.
Okay, then.
Okay, then.
You feel better.
YegreS's ghost hits you but does no damage.
You feel better. YegreS's ghost hits you!!
You die...

........## ##.###..
.........###(P⌠P.## ###
...
##..#.#.###8.....8##
...
...#######!.......(#
... ..## #P.......P#
### .... .##
#⌠.......⌠# ##.## .....
## #P........#
#...##...... ###'''###
##..........
#....W♣.####...#.......
#......................
####.).................
##)#.))............
##...)#............
#.)).##............
##...#.......#.....
##..#........##.....
#...##.......###....


You could see yegreS's ghost.

Vanquished Creatures
  Josephine (D:12)
  Harold (D:9)
  A boulder beetle (D:11)
  2 demonspawn (Orc:2)
  Erica (D:8)
  5 two-headed ogres
  Urug (D:11)
  7 orc high priests (Orc:2)
  The ghost of CurlyBrace the Thaumaturge, a novice FeFE of Cheibriados (Orc:2)
  Pikel (D:7)
  8 orc knights
  A necromancer (D:10)
  4 orc sorcerers (Orc:2)
  2 ugly things (D:11)
  Joseph (D:9)
  A cyclops (D:12)
  Maurice (Orc:1)
  A rust devil (Orc:2)
  An orange demon (Orc:2)
  Maggie (D:7)
  A gargoyle (D:12)
  2 unseen horrors
  Psyche (D:9)
  A komodo dragon (D:10)
  An ice devil (Orc:2)
  3 trolls
  4 hornets
  Prince Ribbit (D:7)
  3 wraiths (D:12)
  3 yaks
  A chaos spawn (Orc:2)
  A warg (Orc:1)
  A water moccasin (D:5)
  Duvessa (D:4)
  37 orc warriors
  A sky beast (D:7)
  5 necrophages
  5 centaurs
  4 ogres (Orc:2)
  3 wolves (D:9)
  3 phantoms
  A kobold brigand (D:7)
  2 bullfrogs (D:8)
  A water moccasin zombie (D:4)
  Dowan (D:4)
  9 killer bees (D:9)
  8 wights
  3 howler monkeys
  4 electric eels
  A bullfrog zombie (D:9)
  5 centaur zombies
  7 hounds
  3 jellies
  Crazy Yiuf (D:7)
  A bullfrog skeleton (D:6)
  2 gnoll shamans
  23 orc priests
  A centaur skeleton (D:7)
  5 iguanas
  17 orc wizards
  4 adders
  11 gnolls
  A howler monkey skeleton (D:6)
  2 shadow imps
  An ufetubus (D:6)
  A worm (D:5)
  3 dart slugs
  81 orcs
  6 endoplasms
  A giant cockroach (D:4)
  8 goblins
  7 hobgoblins
  19 kobolds
  9 ball pythons
  2 bats
  2 frilled lizards (D:1)
  A quokka skeleton (D:4)
  3 rats
381 creatures vanquished.

Vanquished Creatures (collateral kills)
  3 foxfires
3 creatures vanquished.

Vanquished Creatures (others)
  1374 foxfires
  A fungus (D:7)
  13 plants
  5 withered plants
1393 creatures vanquished.

Grand Total: 1777 creatures vanquished

Notes
Turn   | Place    | Note
-------+----------+-------------------------------------------
     0 | D:1      | Conn the Octopode Fire Elementalist began the quest for the
                  | Orb.
     0 | D:1      | Reached XP level 1. HP: 11/11 MP: 3/3
   557 | D:1      | Reached XP level 2. HP: 14/17 MP: 3/5
  1239 | D:2      | Found a faded altar of an unknown god.
  2011 | D:2      | Reached XP level 3. HP: 3/21 MP: 1/6
  2416 | D:3      | Learned a level 3 spell: Conjure Flame
  2719 | D:3      | Found a burning altar of Makhleb.
  2837 | D:3      | Reached XP level 4. HP: 27/27 MP: 4/7
  3216 | D:4      | Reached XP level 5. HP: 23/31 MP: 9/9
  3306 | D:4      | Found a basalt altar of Yredelemnul.
  3421 | D:4      | Reached skill level 4 in Fire Magic
  3553 | D:4      | Noticed Dowan
  3558 | D:4      | Killed Dowan
  3558 | D:4      | Noticed Duvessa
  3571 | D:4      | Found a staircase to the Ecumenical Temple.
  3592 | D:4      | HP: 1/31 [poisoned by a kobold]
  3597 | Temple   | Entered the Ecumenical Temple
  4081 | D:4      | Killed Duvessa
  4082 | D:4      | Reached XP level 6. HP: 36/36 MP: 3/11
  4345 | D:4      | Found a hide-covered altar of Uskayaw.
  4583 | D:4      | Reached skill level 1 in Short Blades
  4718 | D:4      | Learned a level 3 spell: Inner Flame
  4723 | D:4      | Learned a level 4 spell: Flame Wave
  4760 | D:4      | Reached XP level 7. HP: 38/42 MP: 12/12
  4801 | D:4      | Reached skill level 5 in Stealth
  5378 | D:5      | Entered Level 5 of the Dungeon
  5387 | D:5      | Reached skill level 1 in Fighting
  5493 | D:5      | Reached skill level 5 in Fire Magic
  5727 | D:5      | Reached XP level 8. HP: 48/48 MP: 14/14
  6234 | D:5      | Found a bloodstained altar of Trog.
  6349 | D:5      | Found a sacrificial altar of Ru.
  7342 | D:6      | Found a blossoming altar of Fedhas.
  7735 | D:7      | Noticed Maggie
  7736 | D:7      | Noticed Pikel
  7793 | D:6      | Reached skill level 5 in Spellcasting
  7948 | D:6      | Learned a level 2 spell: Scorch
  7953 | D:6      | Learned a level 4 spell: Sticky Flame
  7959 | D:7      | Reached skill level 6 in Fire Magic
  7983 | D:7      | Reached skill level 1 in Hexes
  7988 | D:7      | Reached XP level 9. HP: 54/54 MP: 5/16
  8068 | D:7      | Killed Pikel
  8069 | D:7      | Reached skill level 5 in Conjurations
  8213 | D:7      | Noticed Prince Ribbit
  8219 | D:7      | Killed Prince Ribbit
  8220 | D:7      | Reached skill level 7 in Fire Magic
  8283 | D:7      | Found Ecoaw's Distillery.
  8296 | D:7      | Bought 2 potions of heal wounds for 140 gold pieces
  8529 | D:7      | Killed Maggie
  8694 | D:7      | Noticed a hornet
  8697 | D:7      | Killed a hornet
  8931 | D:7      | Found a runed translucent door.
  8932 | D:7      | Noticed Crazy Yiuf
  8950 | D:7      | Killed Crazy Yiuf
  9175 | D:8      | Reached XP level 10. HP: 33/60 MP: 5/20
  9182 | D:8      | Reached skill level 8 in Fire Magic
  9660 | D:8      | Noticed Erica
  9668 | D:8      | Killed Erica
  9999 | D:8      | Found Hitrasutz's Armour Boutique.
 10020 | D:8      | Noticed a two-headed ogre
 10058 | D:8      | Killed a two-headed ogre
 10344 | D:8      | Found a white marble altar of Elyvilon.
 10344 | D:8      | Found a glowing golden altar of the Shining One.
 10345 | D:8      | Found a glowing silver altar of Zin.
 10484 | D:9      | Noticed Joseph
 10492 | D:10     | Entered Level 10 of the Dungeon
 10830 | D:9      | Killed Joseph
 10831 | D:9      | Reached skill level 9 in Fire Magic
 11007 | D:9      | Reached XP level 11. HP: 47/66 MP: 11/23
 11285 | D:9      | Noticed Harold
 11286 | D:9      | Found a shimmering blue altar of Sif Muna.
 11287 | D:9      | Noticed Psyche
 11293 | D:9      | Became a worshipper of Sif Muna the Loreminder
 11943 | D:9      | Found a staircase to the Lair.
 12017 | D:9      | Killed Psyche
 12032 | D:9      | Killed Harold
 12580 | D:10     | Noticed a necromancer
 12587 | D:10     | Killed a necromancer
 12600 | D:10     | Got the Handbook of Confrontation
 12697 | D:10     | Learned a level 4 spell: Iskenderun's Mystic Blast
 12701 | D:10     | Learned a level 3 spell: Ozocubu's Armour
 12705 | D:10     | Learned a level 3 spell: Teleport Other
 12934 | D:10     | Noticed a two-headed ogre
 12942 | D:10     | Killed a two-headed ogre
 13091 | D:11     | Noticed Urug
 13121 | D:10     | Reached skill level 1 in Translocations
 13375 | D:11     | Noticed a cyan ugly thing
 13375 | D:11     | Noticed a brown ugly thing
 13376 | D:11     | Noticed a boulder beetle
 13435 | D:11     | Reached skill level 1 in Ice Magic
 13441 | D:11     | Reached skill level 1 in Air Magic
 13441 | D:11     | Reached skill level 1 in Invocations
 13658 | D:11     | Identified a scroll of acquirement
 13659 | D:11     | Acquired the amulet of Aqeiv {Acrobat rC+ rN+}
 13733 | D:11     | Reached skill level 10 in Fire Magic
 13737 | D:11     | Reached * piety under Sif Muna
 13915 | D:11     | Killed Urug
 14205 | D:11     | Killed a cyan ugly thing
 14206 | D:11     | Noticed a two-headed ogre
 14210 | D:11     | Killed a brown ugly thing
 14211 | D:11     | Reached XP level 12. HP: 48/72 MP: 2/25
 14544 | D:12     | Noticed a two-headed ogre
 14555 | D:12     | Killed a two-headed ogre
 14574 | D:12     | Noticed a two-headed ogre
 14580 | D:12     | Killed a two-headed ogre
 14725 | D:12     | Noticed Josephine
 14741 | D:12     | Killed Josephine
 14834 | D:11     | Killed a boulder beetle
 15024 | D:12     | Noticed a two-headed ogre
 15052 | D:12     | Found a flagged portal.
 15061 | Bailey   | Entered a bailey
 15087 | Bailey   | Identified the +3 hunting sling "Feate" {venom, Dex+6}
 15982 | D:12     | Killed a two-headed ogre
 16318 | D:12     | Reached ** piety under Sif Muna
 16331 | D:12     | Reached skill level 11 in Fire Magic
 17088 | D:12     | Found a staircase to the Orcish Mines.
 17102 | Orc:1    | Entered Level 1 of the Orcish Mines
 17102 | Orc:1    | Noticed Maurice
 17106 | Orc:1    | Killed Maurice
 17112 | Orc:1    | Noticed an orc warlord
 17116 | Orc:1    | Noticed Jorgrun
 17424 | Orc:1    | Found a burning altar of Makhleb.
 17508 | Orc:2    | Entered Level 2 of the Orcish Mines
 17824 | Orc:2    | Reached *** piety under Sif Muna
 17825 | Orc:2    | Reached skill level 10 in Spellcasting
 17830 | Orc:2    | Found Vompep Emo's Magic Scroll Shop.
 18015 | Orc:2    | Reached XP level 13. HP: 78/78 MP: 7/27
 18253 | Orc:2    | Found Nujaff's General Store.
 18349 | Orc:2    | Bought a scroll of acquirement for 728 gold pieces
 18349 | Orc:2    | Acquired 748 gold pieces
 19328 | Orc:2    | Found a staircase to the Elven Halls.
 19583 | Orc:2    | Reached **** piety under Sif Muna
 20225 | Orc:2    | Reached skill level 12 in Fire Magic
 20233 | Orc:2    | Reached skill level 5 in Ice Magic
 20361 | Orc:2    | Reached skill level 5 in Invocations
 20553 | Orc:2    | Found Qaytig's Book Shoppe.
 20553 | Orc:2    | Found Memoe's Antique Weapon Emporium.
 20641 | Orc:2    | Found a one-way gate leading to the halls of Pandemonium.
 20658 | Orc:2    | Learned a level 4 spell: Hailstorm
 20852 | Orc:2    | Reached skill level 5 in Air Magic
 20852 | Orc:2    | Found a runed translucent gate.
 20852 | Orc:2    | Found a runed translucent gate.
 20852 | Orc:2    | Found a runed translucent gate.
 20853 | Orc:2    | Noticed CurlyBrace's ghost (novice FeFE)
 20862 | Orc:2    | Noticed yegreS's ghost (journeyman HOFi)
 20947 | Orc:2    | Killed CurlyBrace's ghost
 20956 | Orc:2    | HP: 3/117 [yegreS's ghost (9)]
 20958 | Orc:2    | Slain by yegreS's ghost

Illustrated notes

Levels and vault maps discovered:
D:1:      dpeg_arrival_round_a, layout_basic
D:2:      layout_loops_corners, dilly_ecumenical_altar_fadedgnrine
D:3:      layout_rooms, mainiacjoe_overflow_six_doors_small, minmay_misc_feat_x,
          nrook_uturn
D:4:      minmay_chambers_of_fours, layout_rooms,
          mainiacjoe_overflow_cross_hatched, lemuel_coloured_pillars_altar,
          minmay_temple_entry_drinking_statues, uniq_duvessa
D:5:      layout_cave_pods, nicolae_ru_awakened_eye, trog_three_pillars_becter,
          roderic_serpentine_path
D:6:      layout_basic, fedhas_altar_4
D:7:      layout_basic, serial_shops, shop_statue, grunt_decor_resistance,
          uniq_crazy_yiuf_cottage, uniq_prince_ribbit1, uniq_pikel, uniq_maggie
D:8:      layout_rooms, good_gods_temple_1, serial_shops, kennysheep_mini,
          kennysheep_small_square, uniq_erica
D:9:      layout_cave_pools, mainiacjoe_overflow_tiny_flanked, erik_lair_island,
          uniq_harold, uniq_joseph, uniq_psyche
D:10:     layout_basic, chequers_big_river, minmay_librarian
D:11:     layout_cave_pools, serial_undead, serial_undead_c, serial_undead_e,
          serial_undead_b, serial_undead_c, uniq_urug
D:12:     layout_roguey, david_orc_4, enter_bailey_6, uniq_josephine
Temple:   minmay_temple_bridge_abc
Orc:1:    layout_caves, bloody_makhleb, uniq_maurice, uniq_jorgrun, uniq_erolcha
Orc:2:    pf_orc_diabolical, layout_diamond_mine, basic_altar,
          gammafunk_ghost_cemetery

Skill      XL: |  1  2  3  4  5  6  7  8  9 10 11 12 13 |
---------------+----------------------------------------+-----
Stealth        | 3 4 5 6 8 |  8.4
Conjurations   | 2 3 4 5 6 7 8 |  8.9
Fire Magic     | 4 5 6 7 9 10 11 12 | 12.3
Spellcasting   | 3 4 5 6 8 9 10 | 10.4
Short Blades   | 1 2 3 |  3.5
Fighting       | 1 2 3 |  3.5
Dodging        | 3 4 |  4.4
Hexes          | 1 2 3 4 |  4.5
Translocations | 2 3 4 |  4.9
Ice Magic      | 2 3 5 |  5.2
Air Magic      | 2 3 5 |  5.0
Invocations    | 2 3 5 |  5.2
Throwing       | |  0.8
Evocations     | |  0.7

Action                   |  1- 3 |  4- 6 |  7- 9 | 10-12 | 13-15 || total
-------------------------+-------+-------+-------+-------+-------++-------
Melee: Constrict         |     6 |     5 |    15 |    11 |     1 ||    38
       Unarmed           |     2 |       |       |       |       ||     2
       Dagger            |    18 |    32 |    71 |    41 |     4 ||   166
       Tentacles         |     2 |     3 |    15 |    10 |     2 ||    32
       Staff             |       |       |       |    10 |       ||    10
Throw: Dart              |       |     3 |       |       |       ||     3
 Cast: Foxfire           |    57 |    64 |   157 |   388 |   129 ||   795
       Conjure Flame     |       |     2 |     1 |     7 |     2 ||    12
       Flame Wave        |       |       |     7 |    14 |     6 ||    27
       Inner Flame       |       |       |    15 |    64 |    48 ||   127
       Sticky Flame      |       |       |     1 |    11 |     6 ||    18
       Scorch            |       |       |       |    11 |     9 ||    20
       Iskenderun's Myst |       |       |       |    12 |    19 ||    31
       Ozocubu's Armour  |       |       |       |     1 |     1 ||     2
       Teleport Other    |       |       |       |     1 |       ||     1
Invok: Channel Magic     |       |       |       |     1 |     2 ||     3
Evoke: Wand              |       |       |       |     5 |     7 ||    12
  Use: Potion            |     3 |     1 |       |       |    10 ||    14
       Scroll            |       |       |     6 |    28 |     1 ||    35
 Stab: Sleeping          |     2 |     3 |     9 |    11 |     1 ||    26
       Invisible         |       |     2 |       |       |       ||     2
Armor: Skin              |     4 |       |     1 |     3 |     7 ||    15
Dodge: Dodged            |    11 |    24 |    56 |    79 |    29 ||   199

Table legend: (Time is in decaauts)
 A = Elapsed time spent in this place.
 B = Non-inter-level travel time spent in this place.
 C = Inter-level travel time spent in this place.
 D = Time resting spent in this place.
 E = Time spent auto-exploring this place.
 F = Levels seen in this place.
 G = Mean time per level.
                   A        B        C        D        E       F      G
               +--------+--------+--------+--------+--------+-----+--------+
         Total |  20945 |  20653 |    292 |   3664 |  12201 |  16 | 1309.1 |
       Dungeon |  15740 |  15448 |    292 |   2134 |  10010 |  12 | 1311.7 |
        Temple |    436 |    436 |      0 |    286 |    113 |   1 |  436.0 |
  Orcish Mines |   3850 |   3850 |      0 |   1022 |   1671 |   2 | 1925.0 |
        Bailey |    917 |    917 |      0 |    222 |    407 |   1 |  917.0 |
               +--------+--------+--------+--------+--------+-----+--------+

Top non-repeatable levels by time:
   Orc:2: 3448 daAuts
    D:10: 1784 daAuts
     D:4: 1734 daAuts
     D:6: 1516 daAuts
     D:2: 1473 daAuts
    D:12: 1430 daAuts
     D:7: 1413 daAuts
     D:8: 1292 daAuts
     D:9: 1184 daAuts
    D:11: 1131 daAuts
     D:5: 1050 daAuts
     D:1: 936 daAuts
  Bailey: 917 daAuts
     D:3: 792 daAuts
  Temple: 436 daAuts
